 Dungeon Crawl Stone Soup version 0.31-a0-924-ge39a22a033 (webtiles) character file.

Game seed: 5548309931202349360

70 Gladio the Trooper (level 4, -1/40 HPs)
             Began as a Hill Orc Fighter on Oct 18, 2023.
             Slain by an orc wizard
             ... wielding a +0 dagger
              (3 damage)
             ... on level 2 of the Dungeon.
             The game lasted 00:02:12 (1457 turns).

Gladio the Trooper (Hill Orc Fighter)               Turns: 1457, Time: 00:02:13

Health: -1/40      AC:  7    Str: 20    XL:     4   Next: 22%
Magic:  4/4        EV:  9    Int:  8    God:
Gold:   101        SH:  4    Dex: 10    Spells: 3/3 levels left

rFire   . . .        a - +0 flail
rCold   . . .        c - +0 buckler
rNeg    . . .        b - +0 scale mail
rPois   .            (no helmet)
rElec   .            (no cloak)
rCorr   .            (no gloves)
SInv    .            (no boots)
Will    .....        (no amulet) Stlth
                     (no ring)
HPRegen 0.26/turn    (no ring)
MPRegen 0.09/turn

%: no passive effects
@: no status effects
A: no striking features
a: no special abilities


You were on level 2 of the Dungeon.
You visited 1 branch of the dungeon, and saw 2 of its levels.

You collected 101 gold pieces.

Inventory:

Hand Weapons
 a - a +0 flail (weapon)
Armour
 b - a +0 scale mail (worn)
 c - a +0 buckler (worn)
Scrolls
 e - a scroll of silence {unknown}
 f - a scroll of teleportation {unknown}
 h - a scroll of identify {unknown}
 j - a scroll of poison {unknown}
 m - a scroll of revelation {unknown}
Potions
 d - a potion of might
 g - a potion of mutation {unknown}
 i - a potion of attraction {unknown}
 k - 2 potions of heal wounds {unknown}
 l - a potion of curing {unknown}


   Skills:
 + Level 4.2 Fighting
 * Level 3.4 Maces & Flails
 + Level 3.8 Armour
 + Level 3.8 Shields


You had 3 spell levels left.
You didn't know any spells.
Your spell library contained the following spells:

 Spells                   Type           Power      Damage    Failure   Level
 Summon Small Mammal      Summ           0%         N/A       83%         1
 Lesser Beckoning         Tloc           0%         N/A       92%         2
 Call Canine Familiar     Summ           0%         N/A       99%         3
 Gell's Gravitas          Tloc           0%         N/A       99%         3
 Summon Guardian Golem    Hex/Summ       0%         N/A       99%         3
 Teleport Other           Tloc           0%         N/A       99%         3


Dungeon Overview and Level Annotations

Branches:
Dungeon (2/15)

Altars:


Message History

You are too injured to fight recklessly!
You are too injured to fight recklessly!
You are too injured to fight recklessly!
You are too injured to fight recklessly!
You are too injured to fight recklessly!
You are too injured to fight recklessly!
You are too injured to fight recklessly!
You are too injured to fight recklessly!
You are too injured to fight recklessly!
You are too injured to fight recklessly!
You are too injured to fight recklessly!
You are too injured to fight recklessly!
You are too injured to fight recklessly!
You are too injured to fight recklessly!
You are too injured to fight recklessly!
You are too injured to fight recklessly!
You are too injured to fight recklessly!
You barely miss something. Something hits you.
You barely miss something. Something hits you but does no damage.
You barely miss something. Something hits you.
You miss something. Something hits you. x2
* * * LOW HITPOINT WARNING * * *
You barely miss something. Something hits you.
* * * LOW HITPOINT WARNING * * *
You barely miss something. Something hits you but does no damage.
You hit something. Something hits you.
* * * LOW HITPOINT WARNING * * *
You barely miss something. Something hits you but does no damage.
You hear some strange, mumbled words.
A puff of flame appears from out of thin air!
You block the puff of flame.
You miss something. Something hits you but does no damage.
You barely miss something. Something hits you.
* * * LOW HITPOINT WARNING * * *
You miss something. Something hits you.
* * * LOW HITPOINT WARNING * * *
You miss something. Something hits you.
* * * LOW HITPOINT WARNING * * *
Something hits you.
You die...

#.# ..# #.# #.# #.# #o#
#{# #@# ####### #.#
#...... ##.# ##.#####
#####.#.########.......
#....###...........####
#.###.#.########...####
##.## #....... ###
#..##### #..#


You could see an orc.

Vanquished Creatures
  Terence (D:2)
  2 worms (D:2)
  2 dart slugs
  An orc (D:2)
  4 bats
  5 endoplasms
  4 goblins
  4 hobgoblins
  4 kobolds
  A quokka (D:2)
  A ball python (D:1)
  A frilled lizard (D:2)
  3 rats
33 creatures vanquished.

Notes
Turn   | Place    | Note
-------+----------+-------------------------------------------
     0 | D:1      | Gladio the Hill Orc Fighter began the quest for the Orb.
     0 | D:1      | Reached XP level 1. HP: 19/19 MP: 1/1
   135 | D:1      | Reached XP level 2. HP: 26/27 MP: 2/2
   747 | D:2      | Reached XP level 3. HP: 33/33 MP: 3/3
   793 | D:2      | Noticed Terence
   808 | D:2      | Killed Terence
   809 | D:2      | Reached skill level 4 in Fighting
  1105 | D:2      | Reached XP level 4. HP: 40/40 MP: 4/4
  1457 | D:2      | HP: 2/40 [something (4)]
  1457 | D:2      | Slain by an orc wizard

Illustrated notes

Levels and vault maps discovered:
D:1:      lightli_arrival_quake, layout_loops_ring
D:2:      layout_loops_ring, dreamdust_ecumenical_altar_statues,
          kennysheep_another_room, uniq_terence

Skill      XL: |  1  2  3 |
---------------+----------+-----
Fighting       | 4 |  4.2
Maces & Flails | 3 |  3.4
Armour         | |  3.8
Shields        | |  3.8

Action                     |  1- 3 |  4- 6 || total
---------------------------+-------+-------++-------
  Melee: Flail             |    85 |    45 ||   130
 Armour: Scale mail        |    48 |    49 ||    97
  Dodge: Dodged            |    36 |    11 ||    47
  Block: Buckler           |    17 |     7 ||    24

Table legend: (Time is in decaauts)
 A = Elapsed time spent in this place.
 B = Non-inter-level travel time spent in this place.
 C = Inter-level travel time spent in this place.
 D = Time resting spent in this place.
 E = Time spent auto-exploring this place.
 F = Levels seen in this place.
 G = Mean time per level.
                   A        B        C        D        E       F      G
               +--------+--------+--------+--------+--------+-----+--------+
         Total |   1492 |   1482 |     10 |      0 |   1206 |   2 |  746.0 |
       Dungeon |   1492 |   1482 |     10 |      0 |   1206 |   2 |  746.0 |
               +--------+--------+--------+--------+--------+-----+--------+

Top non-repeatable levels by time:
     D:2: 793 daAuts
     D:1: 699 daAuts
